 Dungeon Crawl Stone Soup version 0.28.0-45-g0d030f2227 (webtiles) character file.

Game seed: 6755681644262901563

86 Ablot the Cutter (level 4, -2/41 HPs)
             Began as a Gnoll Chaos Knight on Apr 20, 2022.
             Was a Plaything of Xom.
             Succumbed to a meliai's poison
             ... on level 2 of the Dungeon.
             The game lasted 00:02:12 (1446 turns).

Ablot the Cutter (Gnoll Chaos Knight)               Turns: 1446, Time: 00:02:13

Health: -2/41      AC:  6    Str: 14    XL:     4   Next: 49%
Magic:  5/5        EV: 12    Int: 11    God:    Xom [*.....]
Gold:   80         SH:  0    Dex: 11    Spells: 5/5 levels left

rFire   . . .      SeeInvis .   a - +0 short sword (chaos)
rCold   . . .      Faith    .   (no shield)
rNeg    . . .      Spirit   .   b - +2 leather armour
rPois   .          Reflect  .   i - +0 helmet
rElec   .          Harm     .   (no cloak)
rCorr   .          Rampage  .   (no gloves)
Will    .....                   (no boots)
Stlth   +.........              (no amulet)
HPRegen 0.13/turn               (no ring)
MPRegen 0.09/turn               (no ring)

@: lethally poisoned (-2 -> -23)
A: fangs 1, strong nose, distributed training
a: Renounce Religion


You were on level 2 of the Dungeon.
You worshipped Xom.
You were a special plaything of Xom.
You visited 1 branch of the dungeon, and saw 2 of its levels.

You collected 80 gold pieces.

Inventory:

Hand Weapons
 a - a +0 short sword of chaos (weapon)
 e - a +4 quarterstaff
Missiles
 d - 37 stones (quivered)
 k - 6 poisoned darts
Armour
 b - a +2 leather armour (worn)
 i - a +0 helmet (worn)
Scrolls
 c - a scroll of noise {unknown}
 f - 2 scrolls of teleportation {unknown}
 g - 3 scrolls of identify {unknown}
 h - a scroll of immolation {unknown}
 j - a scroll of fog {unknown}


   Skills:
 + Level 6.6 Fighting
 + Level 6.6 Short Blades
 + Level 1.1 Long Blades
 + Level 1.1 Axes
 + Level 1.1 Maces & Flails
 + Level 1.1 Polearms
 + Level 1.1 Staves
 + Level 1.1 Slings
 + Level 1.1 Bows
 + Level 1.1 Crossbows
 + Level 1.1 Throwing
 + Level 4.6 Armour
 + Level 2.7 Dodging
 + Level 1.1 Stealth
 + Level 1.1 Shields
 + Level 1.1 Unarmed Combat
 + Level 1.1 Spellcasting
 + Level 0.9 Conjurations
 + Level 0.9 Hexes
 + Level 0.9 Summonings
 + Level 0.9 Necromancy
 + Level 0.9 Translocations
 + Level 0.9 Transmutations
 + Level 0.9 Fire Magic
 + Level 0.9 Ice Magic
 + Level 0.9 Air Magic
 + Level 0.9 Earth Magic
 + Level 0.9 Poison Magic
 + Level 1.2 Invocations
 + Level 1.1 Evocations


You had 5 spell levels left.
You didn't know any spells.
Your spell library contained the following spells:

 Spells                   Type           Power      Damage    Failure   Level
 Dazzling Flash           Conj/Hex       4%         N/A       63%         3
 Iskenderun's Mystic Bla  Conj/Tloc      2%         2d3       95%         4
 Starburst                Conj/Fire      1%         6d3       100%        6


Dungeon Overview and Level Annotations

Branches:
Dungeon (2/15)

Altars:


Innate Abilities, Weirdness & Mutations

You have very sharp teeth.
Your uncanny sense of smell can sniff out nearby items.
Your experience applies equally to all skills.


Message History

A meliai comes into view.
The meliai hits you.
The meliai stings you but does no damage.
You hit the meliai. You drain the meliai.
You bite the meliai, but do no damage.
The meliai is lightly wounded.
The meliai hits you but does no damage. The meliai closely misses you.
You miss the meliai. Your bite misses the meliai.
The meliai is lightly wounded.
The meliai barely misses you. The meliai stings you. The meliai hits you.
The meliai stings you.
You are poisoned.
The meliai poisons you!
You hit the meliai.
The meliai suddenly seems more agile.
Xom thinks this is hilarious!
The meliai is moderately wounded.
You feel very sick. The meliai hits you!
* * * LOW HITPOINT WARNING * * *
The meliai stings you.
* * * LOW HITPOINT WARNING * * *
You are more poisoned.
The meliai poisons you!
You puncture the meliai!
The meliai is heavily wounded.
* * * LOW HITPOINT WARNING * * *
You feel very sick. The meliai closely misses you.
The meliai stings you but does no damage.
Unknown command.
You hit the meliai. You burn the meliai.
The meliai is heavily wounded.
* * * LOW HITPOINT WARNING * * *
You feel very sick.
The meliai barely misses you. x2; The meliai closely misses you. x2
Unknown command.
You miss the meliai.
The meliai is heavily wounded.
You die...
Xom titters!

........# #.#).....
######.....###...#....
......................
....PP.......P..PP... ..
♣P.P♣♣♣...♣♣♣...♣♣♣. ...
♣...♣ ♣P..♣ ♣P.P♣ ♣P
...♣♣♣..P♣♣♣...♣♣♣...♣♣♣.
....P...P...P..P.PP.P.P.P
#.......@................
#..PP...yPP...PP......P..
..♣♣♣..P♣♣♣..P♣♣♣^..♣♣♣.
♣P.P♣ ♣P..♣ ♣...♣ ♣.
.♣♣♣...♣♣♣...♣♣♣...♣ ♣.
.......P.....P.........P
........................
#........P.....PP.P....P.
#..♣♣♣..P♣♣♣...♣♣♣P.P♣♣♣P


You could see a meliai (agile, drained).

Vanquished Creatures
  Terence (D:2)
  2 gnolls
  An adder (D:2)
  A worm (D:2)
  A dart slug (D:1)
  2 endoplasms (D:1)
  3 goblins
  3 hobgoblins
  2 kobolds (D:1)
  4 ball pythons (D:1)
  3 bats (D:1)
  4 frilled lizards
  5 rats
32 creatures vanquished.

Vanquished Creatures (others)
  20 plants (D:2)
20 creatures vanquished.

Grand Total: 52 creatures vanquished

Notes
Turn   | Place    | Note
-------+----------+-------------------------------------------
     0 | D:1      | Ablot the Gnoll Chaos Knight began the quest for the Orb.
     0 | D:1      | Reached XP level 1. HP: 23/23 MP: 1/1
   195 | D:1      | XOM: potion effect (invisibility)
   209 | D:1      | Reached XP level 2. HP: 29/29 MP: 2/2
   214 | D:1      | Found a faded altar of an unknown god.
   260 | D:1      | XOM: divination: detect creatures
   645 | D:1      | XOM is BORED!
   645 | D:1      | XOM: silly message
   744 | D:1      | XOM: cast spell 'Olgreb's Toxic Radiance'
   746 | D:1      | Reached XP level 3. HP: 35/35 MP: 3/3
   833 | D:1      | XOM: summons 2 hostile demons
   838 | D:2      | Noticed a glowing shapeshifter
   838 | D:2      | a gnoll changed into a glowing shapeshifter
   839 | D:2      | Noticed a swamp dragon
   839 | D:2      | a glowing shapeshifter changed into a swamp dragon
  1022 | D:2      | Reached skill level 1 in Invocations
  1061 | D:2      | Reached skill level 1 in Long Blades
  1061 | D:2      | Reached skill level 1 in Axes
  1061 | D:2      | Reached skill level 1 in Maces & Flails
  1061 | D:2      | Reached skill level 1 in Polearms
  1061 | D:2      | Reached skill level 1 in Staves
  1061 | D:2      | Reached skill level 1 in Slings
  1061 | D:2      | Reached skill level 1 in Bows
  1061 | D:2      | Reached skill level 1 in Crossbows
  1061 | D:2      | Reached skill level 1 in Throwing
  1061 | D:2      | Reached skill level 1 in Stealth
  1061 | D:2      | Reached skill level 1 in Shields
  1061 | D:2      | Reached skill level 1 in Unarmed Combat
  1061 | D:2      | Reached skill level 1 in Spellcasting
  1061 | D:2      | Reached skill level 1 in Evocations
  1131 | D:2      | Noticed a boulder beetle
  1140 | D:2      | Noticed a broodmother
  1140 | D:2      | a boulder beetle changed into a broodmother
  1195 | D:2      | Noticed Terence
  1208 | D:2      | Killed Terence
  1209 | D:2      | Reached XP level 4. HP: 31/41 MP: 5/5
  1418 | D:2      | Noticed a water nymph
  1418 | D:2      | Noticed a manticore
  1418 | D:2      | a water nymph changed into a manticore
  1419 | D:2      | Noticed a guardian serpent
  1419 | D:2      | a manticore changed into a guardian serpent
  1439 | D:2      | Noticed a meliai
  1445 | D:2      | HP: 1/41 [poisoned by a meliai]
  1446 | D:2      | Succumbed to a meliai's poison

Illustrated notes

Levels and vault maps discovered:
D:1:      dpeg_arrival_pits, layout_basic, ebering_ecumenical_altar_sacrificial
D:2:      layout_rooms, serial_park_tiny_2, serial_bayou_pond_c,
          kennysheep_boxes, uniq_terence

Skill      XL: |  1  2  3 |
---------------+----------+-----
Invocations    | 1 |  1.2
Long Blades    | 1 |  1.1
Axes           | 1 |  1.1
Maces & Flails | 1 |  1.1
Polearms       | 1 |  1.1
Staves         | 1 |  1.1
Slings         | 1 |  1.1
Bows           | 1 |  1.1
Crossbows      | 1 |  1.1
Throwing       | 1 |  1.1
Stealth        | 1 |  1.1
Shields        | 1 |  1.1
Unarmed Combat | 1 |  1.1
Spellcasting   | 1 |  1.1
Evocations     | 1 |  1.1
Fighting       | |  6.6
Short Blades   | |  6.6
Armour         | |  4.6
Dodging        | |  2.7
Conjurations   | |  0.9
Hexes          | |  0.9
Summonings     | |  0.9
Necromancy     | |  0.9
Translocations | |  0.9
Transmutations | |  0.9
Fire Magic     | |  0.9
Ice Magic      | |  0.9
Air Magic      | |  0.9
Earth Magic    | |  0.9
Poison Magic   | |  0.9

Action                   |  1- 3 |  4- 6 || total
-------------------------+-------+-------++-------
Melee: Short sword       |   110 |    17 ||   127
       Bite              |     8 |     2 ||    10
       Punch             |     2 |       ||     2
 Stab: Sleeping          |     1 |       ||     1
       Paralysed         |     1 |       ||     1
Armor: Leather armour    |    45 |     4 ||    49
Dodge: Dodged            |    82 |     7 ||    89
